 Dungeon Crawl Stone Soup version 0.24.0-1-gfbc8707122 (webtiles) character file.

Game seed: 12449158768019632578, levelgen mode: deterministic

240464 LostNumber the Bludgeoner (level 19, -14/130 HPs)
             Began as a Gargoyle Gladiator on Oct 28, 2019.
             Was the Champion of the Shining One.
             Hit by a large rock thrown by a stone giant (27 damage)
             ... on level 1 of the Vaults.
             The game lasted 01:09:06 (34261 turns).

LostNumber the Bludgeoner (Gargoyle Gladiator)     Turns: 34261, Time: 01:09:07

Health: -14/130    AC: 35    Str: 26    XL:     19   Next: 32%
Magic:  0/28       EV: 19    Int: 13    God:    the Shining One [******]
Gold:   389        SH:  0    Dex: 11    Spells: 18/18 levels left

rFire    + + .     SeeInvis .   R - +7 great mace "Firestarter" {inner flame, rF++}
rCold    . . .     Gourm    .   (shield currently unavailable)
rNeg     + + +     Faith    .   h - +0 pearl dragon scales
rPois    ∞         Spirit   +   T - +2 hat {MR+}
rElec    +         Reflect  .   V - +2 cloak
rCorr    .         Harm     .   P - +0 pair of gloves
MR       ++++.                  D - +1 pair of boots
Stlth    ..........             j - amulet of guardian spirit
HPRegen  0.31/turn              K - ring "Sinniepo" {Wiz MR++ Int+4}
MPRegen  0.21/turn              y - ring of Phasing {EV+8}

@: corroded, flying, glowing, studying Fighting
A: big wings, yellow scales 1, low mp 1, negative energy resistance 1,
electricity resistance, unbreathing, petrification resistance, rot immunity, AC
+14
}: 2/15 runes: decaying, gossamer
a: Stop Flying, Divine Shield, Cleansing Flame, Summon Divine Warrior, Brand
Weapon With Holy Wrath, Renounce Religion


You were on level 1 of the Vaults.
You worshipped the Shining One.
The Shining One was exalted by your worship.
You were not hungry.

You visited 7 branches of the dungeon, and saw 33 of its levels.
You also visited: Ossuary, Gauntlet, Ice Cave and Volcano.

You collected 2779 gold pieces.
You spent 2390 gold pieces at shops.

Inventory:

Hand Weapons
 o - a +0 broad axe of chopping
   (You found it on level 4 of the Spider Nest)
 I - a +6 morningstar
   (You took it off a wight on level 6 of the Dungeon)
 R - the +7 great mace "Firestarter" (weapon) {inner flame, rF++}
   (You found it in a Gauntlet)

   It has been specially enchanted to burn those struck by it, causing extra
   injury to most foes and up to half again as much damage against particularly
   susceptible opponents.
   It greatly protects you from fire.
Missiles
 E - 3 throwing nets (quivered) {!f}
Armour
 h - +0 pearl dragon scales (worn)
   (You found it on level 1 of the Dungeon)
 r - a +0 shield
   (You found it on level 2 of the Dungeon)
 D - a +1 pair of boots (worn)
   (You found it on level 6 of the Lair of Beasts)
 P - a +0 pair of gloves (worn)
   (You found it in a Gauntlet)
 T - a +2 hat of magic resistance (worn)
   (You bought it in a shop on level 2 of the Orcish Mines)
 V - a +2 cloak (worn)
   (You found it on level 3 of the Spider Nest)
Jewellery
 j - an amulet of guardian spirit (around neck)
   (You found it on level 5 of the Dungeon)
 q - a +5 ring of protection
   (You found it on level 2 of the Dungeon)
 y - the ring of Phasing (right hand) {EV+8}
   (You took it off a minotaur in a Gauntlet)

   [ring of evasion]

   It affects your evasion (+8).
 K - the ring "Sinniepo" (left hand) {Wiz MR++ Int+4}
   (You found it in a Gauntlet)

   [ring of wizardry]

   It improves your spell success rate.
   It affects your intelligence (+4).
   It affects your resistance to hostile enchantments.
Wands
 c - a wand of disintegration (21)
   (You found it on level 1 of the Lair of Beasts)
 d - a wand of iceblast (23)
   (You found it on level 5 of the Dungeon)
 t - a wand of flame (35)
   (You found it on level 14 of the Dungeon)
 u - a wand of paralysis (15)
   (You found it on level 1 of the Lair of Beasts)
 v - a wand of digging (21)
   (You found it in an ice cave)
 x - a wand of acid (7)
   (You found it on level 2 of the Spider Nest)
 L - a wand of enslavement (19)
   (You found it on level 6 of the Lair of Beasts)
 U - a wand of polymorph (13)
   (You found it on level 12 of the Dungeon)
Scrolls
 a - 6 scrolls of fear
 b - a scroll of enchant weapon
 i - a scroll of acquirement {unknown}
 l - a scroll of vulnerability {!r}
 p - 13 scrolls of remove curse {@r2}
 s - 6 scrolls of fog
 z - 2 scrolls of magic mapping
 C - 4 scrolls of blinking
 G - 5 scrolls of amnesia
 S - 12 scrolls of teleportation {@r4}
 W - a scroll of summoning
 X - 3 scrolls of immolation {!r}
 Z - 2 scrolls of holy word
Potions
 f - 5 potions of haste {@q3}
 g - 5 potions of ambrosia
 k - 4 potions of brilliance
 m - 3 potions of lignification {!q}
 n - 13 potions of curing {@q1}
 w - 10 potions of heal wounds {@q2}
 A - 3 potions of resistance
 B - 3 potions of agility
 F - a potion of berserk rage
 H - 2 potions of might
 M - 2 potions of magic
 N - 6 potions of mutation {!q}
Books
 Q - a manual of Fighting {!d}
   (You bought it in a shop on level 2 of the Orcish Mines)
Miscellaneous
 J - a phantom mirror
Comestibles
 e - 54 rations {!d}
 O - 4 chunks of flesh


   Skills:
 - Level 17.8 Fighting
 - Level 20.0 Maces & Flails
 - Level 1.7 Throwing
 + Level 7.8 Armour
 - Level 2.4 Dodging
 + Level 11.0 Shields
 * Level 18.3 Invocations


You had 18 spell levels left.
You didn't know any spells.
Your spell library contained the following spells:

 Spells                   Type           Power        Failure   Level  Hunger
 Animate Skeleton         Necr           N/A          28%         1    ##.....
 Apportation              Tloc           #.....       28%         1    ##.....
 Beastly Appendage        Tmut           #.....       28%         1    ##.....
 Confusing Touch          Hex            #.....       28%         1    ##.....
 Corona                   Hex            #......      28%         1    ##.....
 Freeze                   Ice            #...         28%         1    ##.....
 Pain                     Necr           #...         28%         1    ##.....
 Sandblast                Erth           #.....       28%         1    ##.....
 Shock                    Conj/Air       #...         28%         1    ##.....
 Sting                    Conj/Pois      #...         28%         1    ##.....
 Summon Small Mammal      Summ           #...         28%         1    ##.....
 Call Imp                 Summ           #.......     41%         2    ###....
 Ensorcelled Hibernation  Hex/Ice        #.....       41%         2    ###....
 Passwall                 Tmut/Erth      #.......     41%         2    ###....
 Poisonous Vapours        Pois/Air       #.....       41%         2    ###....
 Sticks to Snakes         Tmut           #.......     41%         2    ###....
 Swiftness                Chrm/Air       #.......     41%         2    ###....
 Throw Frost              Conj/Ice       #.....       41%         2    ###....
 Call Canine Familiar     Summ           #.......     63%         3    ####...
 Confuse                  Hex            #.......     63%         3    ####...
 Dazzling Spray           Conj/Hex       #.....       63%         3    ####...
 Gell's Gravitas          Tloc           #.........   63%         3    ####...
 Ignite Poison            Fire/Tmut/Pois #.......     63%         3    ####...
 Mephitic Cloud           Conj/Pois/Air  #.......     63%         3    ####...
 Ozocubu's Armour         Chrm/Ice       #.......     63%         3    ####...
 Regeneration             Chrm/Necr      #.........   63%         3    ####...
 Spider Form              Tmut/Pois      #.........   63%         3    ####...
 Static Discharge         Conj/Air       #.......     63%         3    ####...
 Stone Arrow              Conj/Erth      #.....       63%         3    ####...
 Summon Guardian Golem    Hex/Summ       #.......     63%         3    ####...
 Tukima's Dance           Hex            #.......     63%         3    ####...
 Vampiric Draining        Necr           #.........   63%         3    ####...
 Airstrike                Air            #.........   95%         4    #####..
 Animate Dead             Necr           N/A          95%         4    #####..
 Ice Form                 Ice/Tmut       #.......     95%         4    #####..
 Olgreb's Toxic Radiance  Pois           #.......     95%         4    #####..
 Petrify                  Tmut/Erth      #.......     95%         4    #####..
 Summon Ice Beast         Ice/Summ       #.......     95%         4    #####..
 Summon Lightning Spire   Summ/Air       #.......     95%         4    #####..
 Throw Icicle             Conj/Ice       #.......     95%         4    #####..
 Blade Hands              Tmut           #.........   100%        5    ######.
 Bolt of Magma            Conj/Fire/Erth #.........   100%        5    ######.
 Iskenderun's Battlesphe  Conj/Chrm      #.......     100%        5    ######.
 Lee's Rapid Deconstruct  Erth           #.........   100%        5    ######.
 Lightning Bolt           Conj/Air       #.........   100%        5    ######.
 Metabolic Englaciation   Hex/Ice        #.........   100%        5    ######.
 Venom Bolt               Conj/Pois      #.........   100%        5    ######.
 Yara's Violent Unravell  Hex/Tmut       #.........   100%        5    ######.
 Iron Shot                Conj/Erth      #.........   100%        6    #######
 Orb of Destruction       Conj           #.........   100%        7    #######
 Spellforged Servitor     Conj/Summ      #.........   100%        7    #######


Dungeon Overview and Level Annotations

Branches:
Dungeon (15/15)            Temple (1/1) D:7            Lair (6/6) D:9
  Swamp (4/4) Lair:3       Spider (4/4) Lair:3        Slime (0/5) Lair:6
    Orc (2/2) D:10            Elf (0/3) Orc:2        Vaults (1/5) D:14
 Depths (0/5) D:15        Ossuary (visited)           IceCv (visited)
Volcano (visited)         Gauntlet (visited)

Altars:
Ashenzari
Cheibriados
Dithmenos
Elyvilon
Fedhas
Gozag
Hepliaklqana
Kikubaaqudgha
Makhleb
Okawaru
Qazlal
Ru
Sif Muna
Trog
Uskayaw
Vehumet
Wu Jian
Xom
Yredelemnul
Zin
The Shining One

Shops:
D:6 (   D:8 !   D:13 [   D:15 *   Orc:2 *[(:?

Annotations:
D:3 2 transporters
Lair:4 1 runed translucent door, Raneoc's ghost, journeyman MiFi
Lair:5 exclusion: oklob plant
Swamp:3 2 transporters


Innate Abilities, Weirdness & Mutations

You are resistant to torment.
Your stone body is resilient. (AC +14)
You are immune to poison.
Your large and strong wings let you fly indefinitely.
You resist negative energy. (rN+)
You are resistant to electric shocks. (rElec)
You can survive without breathing.
You are immune to petrification.
You are immune to rotting.
You are partially covered in yellow scales. (AC +2)
Your magical capacity is low. (-10% MP)


Message History

* * * LOW HITPOINT WARNING * * *
The purple ugly thing closely misses you.
Unknown command.
You hit the cyan ugly thing. You burn the cyan ugly thing.
The cyan ugly thing is filled with an inner flame.
The cyan ugly thing is engulfed in blazing flames.
The cyan ugly thing basks in the mutagenic energy from its kin and changes!
You bludgeon the brown ugly thing!! You burn the brown ugly thing!
The brown ugly thing is filled with an inner flame.
The purple ugly thing's inner flame fades away.
The cyan ugly thing is engulfed in blazing flames.
The cyan ugly thing barely misses you.
You pound the brown ugly thing like an anvil!!!
You burn the brown ugly thing!
The brown ugly thing explodes!
The fiery explosion engulfs the cyan ugly thing!!
The fiery explosion engulfs the red ugly thing!
The red ugly thing resists.
The fiery explosion engulfs the purple ugly thing!!!
You kill the purple ugly thing!
The fiery explosion engulfs you but does no damage.
The fiery explosion engulfs the cyan ugly thing!!!
The cyan ugly thing explodes!
The fiery explosion engulfs you but does no damage.
The cyan ugly thing is engulfed in blazing flames.
Unknown command.
You bludgeon the cyan ugly thing!! You burn the cyan ugly thing.
You kill the cyan ugly thing!
The red ugly thing is engulfed in blazing flames.
You sock the red ugly thing! You burn the red ugly thing.
The red ugly thing is filled with an inner flame.
The red ugly thing bites you but does no damage.
Unknown command.
You flatten the red ugly thing like a pancake!!!
You burn the red ugly thing.
The red ugly thing explodes!
The fiery explosion engulfs you! You resist.
* * * LOW HITPOINT WARNING * * *
Things that are here:
a +0 dagger; a +0 robe You start resting.
The stone giant is too close now for your liking.
Unknown command.
Things that are here:
a +0 trident; a +0 robe Unknown command.
The stone giant is engulfed in blazing flames.
There is an open door here.
The stone giant throws a large rock.
The large rock hits you!!
You die...

##### #...#### ###
.......#......### #..
.......#........## #.#
.......#.@.......##
#..
.......#'###......##
#.#
.......#...###.....##
#..
.......#§☼...##.....#
#.#
......)#C☼....##....##
#..
.....C†§§..%...##....#
#.#
.......###'...%.#....#
#.. #######
##....##...###.# #...
#....##.#


You could see a stone giant.

Vanquished Creatures
  Bai Suzhen (Swamp:4)
  Saint Roka (Vaults:1)
  Rupert (Lair:6)
  2 thorn hunters
  Agnes (D:14)
  A fire giant (Vaults:1)
  3 ghost moths (Spider:4)
  3 emperor scorpions (Spider:4)
  2 ironheart preservers (Vaults:1)
  A red draconian (Volcano)
  A minotaur (Gauntlet)
  2 spark wasps
  A dire elephant (Lair:6)
  A crystal guardian (Vaults:1)
  A fire dragon (Lair:1)
  23 hydras
  A rakshasa (Vaults:1)
  A yaktaur captain (Vaults:1)
  4 vault guards (D:14)
  A shambling mangrove (Swamp:3)
  A ghost crab (Swamp:3)
  An ice dragon (Vaults:1)
  4 alligators
  An anaconda (shapeshifter) (Vaults:1)
  3 centaur warriors
  2 catoblepae
  2 deep troll shamans
  11 two-headed ogres
  6 death yaks
  3 ogre magi
  A queen ant (Lair:3)
  5 orc high priests (Orc:2)
  3 skeletal warriors
  A titan skeleton (D:15)
  2 wizards (Vaults:1)
  An unseen horror (shapeshifter) (Vaults:1)
  4 deep trolls (Vaults:1)
  3 unseen horrors
  3 spriggan druids (Swamp:4)
  13 swamp dragons
  3 ironbrand convokers (Vaults:1)
  3 orc knights
  An orange crystal statue (Gauntlet)
  A tengu zombie (D:15)
  A necromancer (D:15)
  3 orc sorcerers (Orc:2)
  16 orb spiders
  6 cyclopes
  A phantasmal warrior (D:15)
  29 wolf spiders
  29 ugly things
  A deep elf mage (D:15)
  2 manticores (D:15)
  Maurice (D:12)
  4 ice statues
  15 elephants
  9 black mambas
  4 vault sentinels (Vaults:1)
  A molten gargoyle (Volcano)
  A gargoyle (Volcano)
  9 spiny frogs
  A torpor snail (Spider:3)
  3 efreet
  9 demonic crawlers
  3 yaktaurs (D:15)
  11 rime drakes
  2 kobold demonologists
  An ice devil (Gauntlet)
  11 komodo dragons
  44 jumping spiders
  5 trolls
  5 polar bears
  4 red devils (D:13)
  17 hornets
  3 meliai (D:15)
  30 slime creatures
  9 tyrant leeches
  An ice dragon zombie (D:15)
  26 blink frogs
  4 dream sheep (Lair:6)
  11 hippogriffs
  5 bog bodies
  A centaur simulacrum (D:13)
  60 redbacks
  4 spriggans
  23 tarantellas
  4 shadows
  6 wyverns
  22 yaks
  8 basilisks
  An ice dragon skeleton (D:15)
  2 wraiths
  A human (shapeshifter) (D:14)
  4 fire bats
  2 hungry ghosts
  31 vampire mosquitoes
  3 soldier ants (Lair:3)
  13 swamp worms
  14 insubstantial wisps
  13 water moccasins
  5 wargs
  An acid dragon (D:14)
  2 hell hounds (Lair:6)
  14 porcupines
  3 black bears (D:9)
  7 swamp drakes
  34 orc warriors
  An eye of draining (D:11)
  3 phantoms
  7 boggarts
  6 necrophages
  8 ice beasts
  20 ogres
  10 crocodiles
  15 wolves
  9 centaurs
  4 big kobolds
  A wyvern zombie (D:13)
  15 bullfrogs
  4 scorpions
  A hornet simulacrum (D:13)
  A wyvern skeleton (D:11)
  21 killer bees
  An oklob sapling (D:7)
  7 wights
  5 electric eels
  2 howler monkeys (D:14)
  A bullfrog zombie (D:7)
  7 lava snakes (Volcano)
  8 crimson imps
  5 centaur zombies
  2 quasits
  7 hounds
  39 orc priests
  4 centaur skeletons
  16 jellies
  2 bullfrog skeletons
  2 human zombies (Ossuary)
  32 orc wizards
  Ijyb (D:4)
  5 iguanas
  Natasha (thrice) (D:4)
  19 worker ants
  A killer bee zombie (D:8)
  3 hound skeletons
  2 mummies (Ossuary)
  A worker ant zombie (D:7)
  7 gnolls
  A howler monkey skeleton (D:11)
  16 adders
  4 shadow imps
  2 white imps (Gauntlet)
  3 adder zombies
  An adder skeleton (D:4)
  7 worms
  5 dart slugs
  5 leopard geckos
  117 orcs
  2 ball pythons
  5 giant cockroaches
  10 goblins
  4 hobgoblins
  8 jackals
  3 quokkas
  A ball python skeleton (D:4)
  5 bats
  4 frilled lizards
  2 goblin zombies (Ossuary)
  16 hobgoblin zombies (Ossuary)
  2 jackal zombies (Ossuary)
  14 kobolds
  6 kobold zombies (Ossuary)
  A leopard gecko skeleton (D:4)
  6 orc zombies (Ossuary)
  7 rats
  5 briar patches (Swamp:2)
  8 fungi
  14 plants
  2 withered plants (D:15)
1339 creatures vanquished.

Vanquished Creatures (collateral kills)
  A hydra (Lair:4)
  A porcupine (Lair:4)
2 creatures vanquished.

Vanquished Creatures (others)
  A blink frog (Swamp:2)
  An orc wizard (Orc:2)
  14 demonic plants (Gauntlet)
  17 fungi
  22 plants
  3 withered plants (D:15)
58 creatures vanquished.

Grand Total: 1399 creatures vanquished

Notes
Turn   | Place    | Note
-------+----------+-------------------------------------------
     0 | D:1      | LostNumber the Gargoyle Gladiator began the quest for the
                  | Orb.
     0 | D:1      | Reached XP level 1. HP: 12/12 MP: 1/1
   116 | D:1      | Reached XP level 2. HP: 15/18 MP: 2/2
   601 | D:2      | Reached XP level 3. HP: 16/22 MP: 3/3
   707 | D:2      | Found a bloodstained altar of Trog.
  1258 | D:3      | Found a transporter.
  1266 | D:3      | Found a transporter.
  1276 | D:3      | Noticed a two-headed ogre
  1278 | D:3      | Found an ornate altar of the Wu Jian Council.
  1346 | D:3      | Reached skill level 4 in Maces & Flails
  1419 | D:3      | Reached XP level 4. HP: 28/28 MP: 4/4
  1440 | D:3      | Reached skill level 1 in Shields
  1618 | D:3      | Reached XP level 5. HP: 32/32 MP: 5/5
  2065 | D:3      | Found a shimmering blue altar of Sif Muna.
  2213 | D:4      | Found a shadowy altar of Dithmenos.
  2297 | D:4      | Reached skill level 5 in Maces & Flails
  2345 | D:4      | Noticed Natasha
  2361 | D:4      | Killed Natasha
  2412 | D:4      | Noticed Natasha
  2421 | D:4      | Killed Natasha
  2421 | D:4      | Reached XP level 6. HP: 22/38 MP: 6/6
  2642 | D:4      | Found a hazy altar of Hepliaklqana.
  2735 | D:4      | Noticed Natasha
  2742 | D:4      | Killed Natasha
  2744 | D:4      | Found a sand-covered staircase.
  2753 | Ossuary  | Entered an ossuary
  2986 | Ossuary  | Reached XP level 7. HP: 44/44 MP: 7/7
  3000 | Ossuary  | Reached skill level 6 in Maces & Flails
  3232 | D:4      | Noticed Ijyb
  3238 | D:4      | Paralysed by Ijyb for 4 turns
  3244 | D:4      | Paralysed by Ijyb for 3 turns
  3249 | D:4      | Paralysed by Ijyb for 6 turns
  3283 | D:4      | Killed Ijyb
  3627 | D:5      | Entered Level 5 of the Dungeon
  3690 | D:5      | Reached skill level 5 in Fighting
  4344 | D:6      | Reached XP level 8. HP: 49/49 MP: 8/8
  4365 | D:6      | Reached skill level 7 in Maces & Flails
  4519 | D:6      | Found a white marble altar of Elyvilon.
  4542 | D:6      | Reached skill level 5 in Shields
  4654 | D:6      | Became a worshipper of Elyvilon the Healer
  4691 | D:6      | Found a hide-covered altar of Uskayaw.
  4736 | D:6      | Found Teidomitia's Weapon Boutique.
  5003 | D:7      | Reached skill level 8 in Maces & Flails
  5099 | D:7      | Found a white marble altar of Elyvilon.
  5162 | D:7      | Found a burning altar of Makhleb.
  5162 | D:7      | Found a sacrificial altar of Ru.
  5163 | D:7      | Found a blossoming altar of Fedhas.
  5201 | D:7      | Reached XP level 9. HP: 50/56 MP: 6/9
  5331 | D:7      | Reached * piety under Elyvilon
  5408 | D:7      | Reached skill level 9 in Maces & Flails
  6100 | D:7      | Found a staircase to the Ecumenical Temple.
  6176 | D:8      | Noticed a two-headed ogre
  6180 | D:8      | Reached skill level 10 in Maces & Flails
  6205 | D:8      | Killed a two-headed ogre
  6205 | D:8      | Reached XP level 10. HP: 31/64 MP: 3/10
  6522 | D:8      | Found a bloodstained altar of Trog.
  6527 | D:8      | Reached skill level 1 in Invocations
  6538 | D:8      | Reached ** piety under Elyvilon
  6572 | D:8      | Noticed an angel
  6573 | D:8      | Found a shimmering altar of Xom.
  6573 | D:8      | Found a glowing silver altar of Zin.
  6639 | D:8      | Found Bajah's Distillery.
  6649 | D:8      | Bought 2 potions of heal wounds for 100 gold pieces
  6649 | D:8      | Bought a potion of haste for 100 gold pieces
  6649 | D:8      | Bought a potion of might for 40 gold pieces
  6649 | D:8      | Bought a potion of curing for 30 gold pieces
  6770 | D:8      | Killed an unseen horror
  6770 | D:8      | Reached skill level 11 in Maces & Flails
  7174 | D:9      | Found a staircase to the Lair.
  7379 | D:9      | Reached XP level 11. HP: 63/71 MP: 10/13
  7541 | Lair:1   | Entered Level 1 of the Lair of Beasts
  7790 | Lair:1   | Reached skill level 12 in Maces & Flails
  7971 | Lair:1   | Reached *** piety under Elyvilon
  8323 | Lair:1   | Reached skill level 5 in Invocations
  8710 | Lair:1   | Reached **** piety under Elyvilon
  8814 | Lair:1   | Noticed a fire dragon
  8838 | Lair:1   | Killed a fire dragon
  8838 | Lair:1   | Reached skill level 10 in Fighting
  9188 | Lair:2   | Found a gate leading to a gauntlet.
  9197 | Gauntlet | Entered a Gauntlet
  9197 | Gauntlet | Found a transporter.
  9269 | Gauntlet | Found a transporter.
  9283 | Gauntlet | Found a transporter.
  9288 | Gauntlet | Found a transporter.
  9302 | Gauntlet | Noticed an orange crystal statue
  9303 | Gauntlet | Found a transporter.
  9322 | Gauntlet | Found a transporter.
  9323 | Gauntlet | Noticed a death scarab
  9325 | Gauntlet | Noticed a death scarab
  9333 | Gauntlet | Noticed a hell beast
  9334 | Gauntlet | Found a transporter.
  9340 | Gauntlet | Found a transporter.
  9342 | Gauntlet | Found a transporter.
  9359 | Gauntlet | Found a transporter.
  9361 | Gauntlet | Noticed a hell hog
  9371 | Gauntlet | Found a transporter.
  9377 | Gauntlet | Found a transporter.
  9377 | Gauntlet | Found a transporter.
  9379 | Gauntlet | Found a transporter.
  9386 | Gauntlet | Noticed a death ooze
  9393 | Gauntlet | Noticed a wizard
  9396 | Gauntlet | Found a transporter.
  9397 | Gauntlet | Noticed a wizard
  9402 | Gauntlet | Found a transporter.
  9445 | Gauntlet | Found a transporter.
  9505 | Gauntlet | Found a transporter.
  9545 | Gauntlet | Reached XP level 12. HP: 33/77 MP: 7/16
  9645 | Gauntlet | Got a flickering golden ring
  9646 | Gauntlet | Identified the ring "Rigaoroi" {-Tele rElec rN+ Dex+5} (You
                  | found it in a Gauntlet)
 10214 | Gauntlet | Gained mutation: You are partially covered in yellow
                  | scales. (AC +2) [a shining eye]
 10215 | Gauntlet | Reached skill level 13 in Maces & Flails
 10218 | Gauntlet | Got a faintly glowing granite ring
 10229 | Gauntlet | Identified the ring "Sinniepo" {Wiz MR++ Int+4} (You found
                  | it in a Gauntlet)
 10233 | Gauntlet | Noticed a minotaur
 10249 | Gauntlet | Killed a minotaur
 10249 | Gauntlet | Reached skill level 10 in Shields
 10339 | Gauntlet | Found the +7 great mace "Firestarter" {inner flame, rF++}
 10339 | Gauntlet | Got an ancient dagger
 10672 | Temple   | Entered the Ecumenical Temple
 10701 | Temple   | Fell from the grace of Elyvilon
 10701 | Temple   | Became a worshipper of the Shining One
 10701 | Temple   | Reached * piety under the Shining One
 10701 | Temple   | Reached ** piety under the Shining One
 10820 | Lair:2   | Noticed a catoblepas
 10835 | Lair:2   | Killed a catoblepas
 11836 | Lair:3   | Found a hole to the Spider Nest.
 12016 | Lair:3   | Found a staircase to the Swamp.
 12020 | Lair:3   | Noticed a six-headed hydra
 12031 | Lair:3   | Killed a six-headed hydra
 12225 | Lair:3   | Reached skill level 14 in Maces & Flails
 12445 | Lair:3   | Noticed a queen ant
 12451 | Lair:3   | Killed a queen ant
 12705 | Lair:4   | Found a runed translucent door.
 12712 | Lair:4   | Noticed Raneoc's ghost (journeyman MiFi)
 12738 | Lair:4   | Noticed a seven-headed hydra
 12742 | Lair:4   | Killed a seven-headed hydra
 12742 | Lair:4   | Was placed under penance by the Shining One
 12742 | Lair:4   | Reached XP level 13. HP: 72/84 MP: 15/19
 12814 | Lair:4   | Found a dark tunnel.
 12822 | Volcano  | Entered a volcano
 13086 | Volcano  | Found a burning altar of Makhleb.
 13111 | Volcano  | Noticed a red draconian
 13121 | Volcano  | Killed a red draconian
 13439 | Lair:4   | Reached skill level 15 in Maces & Flails
 13534 | Lair:4   | Got a sapphire falchion
 14780 | Lair:6   | Entered Level 6 of the Lair of Beasts
 14783 | Lair:6   | Was forgiven by the Shining One
 14786 | Lair:6   | Noticed Rupert
 14791 | Lair:6   | Reached skill level 10 in Invocations
 14891 | Lair:6   | Gained mutation: Your large and strong wings let you fly
                  | indefinitely. [Gargoyle growth]
 14891 | Lair:6   | Reached XP level 14. HP: 83/92 MP: 18/21
 14918 | Lair:6   | Reached skill level 16 in Maces & Flails
 15247 | Lair:6   | Killed Rupert
 15525 | Lair:6   | Found a staircase to the Slime Pits.
 15702 | Lair:6   | Reached *** piety under the Shining One
 16213 | Lair:6   | Noticed a dire elephant
 16222 | Lair:6   | Killed a dire elephant
 16222 | Lair:6   | Reached skill level 17 in Maces & Flails
 16258 | Lair:6   | Got a warped scimitar
 16909 | D:10     | Entered Level 10 of the Dungeon
 17044 | D:10     | Reached XP level 15. HP: 100/100 MP: 23/23
 17085 | D:10     | Found a staircase to the Orcish Mines.
 17634 | Orc:1    | Entered Level 1 of the Orcish Mines
 17703 | Orc:2    | Entered Level 2 of the Orcish Mines
 17743 | Orc:2    | Reached **** piety under the Shining One
 17923 | Orc:2    | Found a staircase to the Elven Halls.
 18152 | Orc:2    | Found Ulayh's General Store.
 18175 | Orc:2    | Bought a potion of might for 60 gold pieces
 18590 | Orc:1    | You fall into a shaft and drop 1 floor!
 18741 | Orc:2    | Reached ***** piety under the Shining One
 18882 | Orc:2    | Found Ikligur's Armour Boutique.
 18882 | Orc:2    | Found Gepin's Magic Scroll Shop.
 18882 | Orc:2    | Found Ohucw's Book Shop.
 18921 | Orc:2    | Found Zebo's Antique Weapon Boutique.
 18935 | Orc:2    | Bought a +2 hat of magic resistance for 294 gold pieces
 20573 | D:12     | Found a frozen archway.
 20586 | IceCv    | Entered an ice cave
 20886 | IceCv    | Reached skill level 18 in Maces & Flails
 21172 | D:12     | Noticed Maurice
 21177 | D:12     | Killed Maurice
 21670 | D:13     | Found Tanes's Armour Shoppe.
 21965 | D:13     | Reached ****** piety under the Shining One
 22618 | D:14     | Reached XP level 16. HP: 107/107 MP: 23/25
 22665 | D:14     | Found a gate to the Vaults.
 22870 | D:14     | Noticed Agnes
 22879 | D:14     | Killed Agnes
 23194 | D:15     | Entered Level 15 of the Dungeon
 23231 | D:15     | Reached skill level 15 in Fighting
 23273 | D:15     | Found Igguj's General Store.
 23427 | D:15     | Found a staircase to the Depths.
 23433 | D:15     | Reached skill level 19 in Maces & Flails
 24241 | Swamp:1  | Entered Level 1 of the Swamp
 24363 | Swamp:1  | Got a fine quarterstaff
 25394 | Swamp:2  | Noticed a thorn hunter
 25406 | Swamp:2  | Killed a thorn hunter
 25593 | Swamp:3  | Identified the Grimoire of the Eight Beds
 25703 | Swamp:3  | Found a transporter.
 25717 | Swamp:3  | Noticed a thorn hunter
 25729 | Swamp:3  | Killed a thorn hunter
 25729 | Swamp:3  | Reached XP level 17. HP: 102/114 MP: 23/27
 25955 | Swamp:3  | Found a transporter.
 26186 | Swamp:4  | Entered Level 4 of the Swamp
 26214 | Swamp:4  | Reached skill level 20 in Maces & Flails
 26588 | Swamp:4  | Got a decaying rune of Zot
 26870 | Swamp:4  | Reached skill level 15 in Invocations
 26979 | Swamp:4  | Got an ancient arbalest
 27145 | Swamp:4  | Noticed Bai Suzhen
 27169 | Swamp:4  | Killed Bai Suzhen
 27306 | Spider:1 | Entered Level 1 of the Spider Nest
 27519 | Spider:1 | Got a jewelled ring mail
 27877 | Spider:1 | Reached skill level 1 in Armour
 28042 | Spider:2 | Reached XP level 18. HP: 92/124 MP: 20/29
 29754 | Spider:3 | Got an ichor-stained long sword
 30512 | Spider:4 | Entered Level 4 of the Spider Nest
 30860 | Spider:4 | Got a smoking scythe
 31326 | Spider:4 | Reached skill level 5 in Armour
 31759 | Spider:4 | Got a gossamer rune of Zot
 32057 | Orc:2    | Bought a manual of Fighting for 1766 gold pieces
 32280 | Vaults:1 | Entered Level 1 of the Vaults
 32672 | Vaults:1 | Noticed Saint Roka
 33082 | Vaults:1 | Killed Saint Roka
 33384 | Vaults:1 | Reached XP level 19. HP: 87/130 MP: 29/31
 33384 | Vaults:1 | Gained mutation: Your magical capacity is low. (-10% MP) [a
                  | shining eye]
 34261 | Vaults:1 | Hit by a large rock thrown by a stone giant

Levels and vault maps discovered:
D:1:      minmay_arrival_diagonal_passages, layout_basic, kennysheep_crisscross
D:2:      layout_basic, lemuel_altar_in_water
D:3:      layout_loops_ring, gammafunk_temple_overflow_arena,
          lemuel_blue_sif_altar
D:4:      layout_loops_corners, kennysheep_little_box, enter_ossuary_3,
          grunt_dithmenos_shadows, uniq_natasha, uniq_ijyb
D:5:      layout_loops_ring, first_ration
D:6:      minmay_recursive_quarters, layout_cave_pools, lemuel_doored_altar,
          lemuel_crystal_altar, serial_shops, shop
D:7:      layout_gridville, chequers_temple_overflow_statue_of_worship,
          minmay_temple_entry_oklob, the_bakery, elyvilon_altar_4
D:8:      layout_basic, grunt_temple_overflow_order_and_chaos_1,
          lightli_temple_of_fire, serial_shops, nicolae_shop_statue_plus,
          grunt_tough_drop
D:9:      layout_rooms, due_lair_maze_entry_diamond
D:10:     layout_cave_pods, david_orc_2
D:11:     layout_grid_maze, serial_glass, glass_columns_a, glass_columns_c
D:12:     layout_small_grid, portal_ice_cave_rime, uniq_maurice
D:13:     layout_grid_maze, serial_shops, nicolae_shop_crystal, drop_trap,
          einodemon_armed_red_devil_minivault
D:14:     layout_irregular_city, lightli_vaults_fourway_checkpoint,
          infiniplex_staircase_pillars_1, uniq_agnes
D:15:     gammafunk_depths_entry_grave, layout_loops_ring,
          grunt_decor_mini_mirrors, serial_shops, shop, grunt_ministairs_5
Temple:   minmay_temple_bridge_abc
Lair:1:   dragon1_lemuel, layout_hall_layers, chequers_serial_rivers_large_b,
          pond, lemuel_fruit_fields, grunt_megastairs_1
Lair:2:   layout_small_grid, gauntlet_entry_generic, grunt_megastairs_3
Lair:3:   layout_chaotic_city, minmay_swamp_entry_reptiles,
          spider_nest_entry_funnel_web, minmay_another_anthill,
          lemuel_fruit_fields, lemuel_fruit_tree
Lair:4:   layout_roguey, enter_volcano_1, ebering_ghost_reflecting_pool,
          st_stairs_12, nicolae_quartered_pool_super
Lair:5:   minmay_lair_oklob_tunnel, layout_gridlike, gammafunk_lair_bear_cave,
          grunt_megastairs_2, serial_bayou_shore_a
Lair:6:   grunt_lair_end_beastmaster, layout_cave_shapes,
          minmay_slime_entry_jelly_boxes, special_room
          [special_room_mythical_zoo], uniq_rupert
Swamp:1:  layout_basic_swamp, evilmike_swamp_ruin_house_3, swamp_pool3,
          roderic_carrion_pond
Swamp:2:  layout_basic_swamp, evilmike_swamp_ruin_house_5
Swamp:3:  gammafunk_its_a_trap, layout_basic_swamp,
          evilmike_swamp_ruin_rubble_2, swamp_pool4
Swamp:4:  swamp_alternative, layout_basic_swamp, swamp_pool2,
          infiniplex_staircase_pool_2, uniq_bai_suzhen
Spider:1: nicolae_spider_mines_3
Spider:2: layout_spider_delve, guppyfry_spider_mini_1
Spider:3: layout_chambers
Spider:4: spider_rune_water, drop_trap, lemuel_hornet_nest,
          nicolae_spider_cling_ruins
Orc:1:    layout_diamond_mine
Orc:2:    st_orc_mages, layout_diamond_mine, serial_shops, shop
Vaults:1: nicolae_vaults_rhombus_6, nicolae_vaults_network_square,
          vaults_room_fancy_cross, hangedman_vaults_corner_blocks,
          nicolae_vaults_ninety_degrees, vaults_dpeg_doors, v_misc_9,
          serial_ice_g, vaults_dpeg_diagonal, vaults_room_pools,
          layout_vaults_ring, uniq_saint_roka

Skill      XL: |  1  2  3  4  5  6  7  8  9 10 11 12 13 14 15 16 17 18 19 |
---------------+----------------------------------------------------------+-----
Maces & Flails | 4 5 6 8 10 11 12 14 15 17 18 19 20 | 20.0
Fighting       | 3 4 5 6 8 9 10 11 12 13 14 15 17 | 17.8
Shields        | 1 2 3 4 5 7 8 9 10 11 | 11.0
Invocations    | 3 6 8 10 11 12 14 15 17 18 | 18.3
Armour         | 2 6 7 |  7.8
Throwing       | |  1.7
Dodging        | |  2.4

Action                   |  1- 3 |  4- 6 |  7- 9 | 10-12 | 13-15 | 16-18 | 19-21 || total
-------------------------+-------+-------+-------+-------+-------+-------+-------++-------
Melee: Flail             |   115 |   273 |   179 |       |       |       |       ||   567
       Morningstar       |       |       |   281 |   446 |       |       |       ||   727
       Great mace        |       |       |       |   121 |   822 |   957 |   101 ||  2001
Invok: Lesser Healing    |       |       |     1 |       |       |       |       ||     1
       Divine Shield     |       |       |       |     1 |       |     1 |       ||     2
       Cleansing Flame   |       |       |       |       |     2 |     2 |     3 ||     7
 Abil: Fly               |       |       |       |       |     1 |       |       ||     1
  Use: Scroll            |       |     5 |     4 |    14 |     9 |     8 |       ||    40
       Potion            |       |       |       |     4 |     1 |     1 |       ||     6
 Stab: Sleeping          |     1 |       |       |       |       |       |       ||     1
  Eat: Chunk             |     2 |     5 |    11 |    18 |    29 |    25 |     3 ||    93
       Ration            |       |       |     2 |     1 |     1 |     3 |       ||     7
Armor: Leather armour    |     8 |       |       |       |       |       |       ||     8
       Pearl dragon scal |    51 |   163 |   414 |   307 |   421 |   675 |    55 ||  2086
       Skin              |       |       |       |     9 |       |       |       ||     9
Dodge: Dodged            |    80 |   163 |   333 |   210 |   710 |   807 |    78 ||  2381
Block: Shield            |       |       |       |   254 |       |       |       ||   254
       Other             |       |       |       |     1 |       |    10 |       ||    11
